 Dungeon Crawl Stone Soup version 0.27.0-1-g7a089689b8 (webtiles) character file.

Game seed: 14990546817711722715

280 bnorton916 the Conjurer (level 6, -1/48 HPs)
             Began as a Deep Elf Conjurer on Aug 17, 2021.
             Was an Initiate of Ashenzari.
             Killed from afar by an orc wizard (3 damage)
             ... with a magic dart
             ... on level 3 of the Dungeon.
             The game lasted 00:05:09 (3451 turns).

bnorton916 the Conjurer (Deep Elf Conjurer)         Turns: 3451, Time: 00:05:11

Health: -1/48      AC:  3    Str:  4    XL:     6   Next: 5%
Magic:  1/17       EV: 12    Int: 25    God:    Ashenzari [......]
Gold:   109        SH:  0    Dex: 13    Spells: 6/17 levels left

rFire    . . .     SeeInvis .   f - +0 dagger (venom)
rCold    . . .     Faith    .   (no shield)
rNeg     . . .     Spirit   .   a - +0 robe
rPois    .         Reflect  +   l - +0 helmet
rElec    .         Harm     .   (no cloak)
rCorr    .         Rampage  .   (no gloves)
Will     .....                  (no boots)
Stlth    ..........             c - amulet of reflection
HPRegen  0.16/turn              (no ring)
MPRegen  0.15/turn              (no ring)

@: confused, berserking, very quick
A: no striking features
a: Renounce Religion


You were on level 3 of the Dungeon.
You worshipped Ashenzari.
Ashenzari was noncommittal.
You visited 1 branch of the dungeon, and saw 4 of its levels.

You collected 109 gold pieces.

Inventory:

Hand Weapons
 f - a +0 dagger of venom (weapon)
Armour
 a - a +0 robe (worn)
 l - a +0 helmet (worn)
Jewellery
 c - an amulet of reflection (around neck)
Scrolls
 e - 4 scrolls of noise
 g - a scroll of enchant weapon
 i - a scroll of immolation
 m - a scroll of enchant armour
Potions
 h - a potion of resistance
 j - a potion of flight
 k - a potion of invisibility


   Skills:
 - Level 2.4 Dodging
 - Level 2.4 Stealth
 + Level 6.0 Spellcasting
 + Level 6.2 Conjurations
 + Level 1.7 Hexes
 + Level 1.3 Translocations


You had 6 spell levels left.
You knew the following spells:

 Your Spells              Type           Power      Damage    Failure   Level
a - Magic Dart            Conj           100%       1d8       1%          1
b - Searing Ray           Conj           76%        3d6       1%          2
c - Fulminant Prism       Conj/Hex       13%        3d9       14%         4
d - Iskenderun's Mystic   Conj/Tloc      26%        2d7       16%         4

Your spell library contained the following spells:

 Spells                   Type           Power      Damage    Failure   Level
 Dazzling Flash           Conj/Hex       54%        N/A       4%          3
 Conjure Flame            Conj/Fire      23%        6-21      6%          3
 Sticky Flame             Conj/Fire      23%        2d4       21%         4
 Ignite Poison            Fire/Tmut/Pois 7%         N/A       22%         3


Dungeon Overview and Level Annotations

Branches:
Dungeon (4/15)
 Temple: D:4-7

Altars:
Ashenzari
Okawaru
The Shining One


Message History

The goblin hits you with a +1 dagger of speed. x2
There is a stone staircase leading up, spattered with blood here.
You see here 3 potions of degeneration.
The goblin misses you.
You climb upwards.
Reactivating autopickup.
There is a stone staircase leading down here.
You hear some strange, mumbled words.
Deactivating autopickup; reactivate with Ctrl-A.
You are confused.
The goblin closely misses you. The goblin misses you.
You're too confused to move!
The goblin hits you with a +1 dagger of speed.
You bump into the rock wall.
The goblin closely misses you. Something completely misses you.
The goblin hits you with a +1 dagger of speed.
Unknown command.
You are too confused!
Okay, then.
You closely miss something.
You hear some strange, mumbled words.
A puff of flame appears from out of thin air!
The puff of flame hits you.
The goblin hits you with a +1 dagger of speed.
Unknown command.
Your +0 dagger of venom begins to drip with poison!
f - a +0 dagger of venom (weapon)
You hear some strange, mumbled words.
A magic dart appears from out of thin air!
The magic dart hits you!
* * * LOW HITPOINT WARNING * * *
The goblin hits you but does no damage.
A red film seems to cover your vision as you go berserk!
You feel yourself moving faster!
You feel mighty!
The goblin hits you with a +1 dagger of speed.
* * * LOW HITPOINT WARNING * * *
You hear some strange, mumbled words.
A magic dart appears from out of thin air!
The magic dart hits you.
You die...

#.# #.# #.# #.# #######
#.# #.# #...... #.# #.#
#...... #.# #.# #......
#.#### #.# #......
#....#######.##########
#....##g...............
#.....@{...............
##...#######.##########
#...# #.##########
##### #...........
#####################.
#...........)..# #.
#.############.# #. #.#
#.# #. #.# #.# #.


You could see a goblin.

Vanquished Creatures
  A necrophage (D:3)
  An orc priest (D:4)
  Terence (D:3)
  An orc wizard (D:4)
  Robin (D:4)
  3 adders (D:2)
  2 worms
  A dart slug (D:1)
  3 orcs
  5 ball pythons
  5 bats
  4 endoplasms
  3 giant cockroaches
  10 goblins
  4 hobgoblins
  4 quokkas
  7 frilled lizards
  7 kobolds
  4 rats
67 creatures vanquished.

Notes
Turn   | Place    | Note
-------+----------+-------------------------------------------
     0 | D:1      | bnorton916 the Deep Elf Conjurer began the quest for the
                  | Orb.
     0 | D:1      | Reached XP level 1. HP: 10/10 MP: 6/6
   221 | D:1      | Reached XP level 2. HP: 15/15 MP: 5/8
  1220 | D:2      | Learned a level 2 spell: Searing Ray
  1224 | D:2      | Reached skill level 5 in Conjurations
  1224 | D:2      | Reached XP level 3. HP: 19/19 MP: 8/10
  1704 | D:2      | Found an iron altar of Okawaru.
  1870 | D:2      | Found a faded altar of an unknown god.
  1873 | D:2      | Reached XP level 4. HP: 24/24 MP: 10/12
  2375 | D:3      | Noticed a necrophage
  2384 | D:3      | Killed a necrophage
  2385 | D:3      | Reached skill level 5 in Spellcasting
  2385 | D:3      | Reached XP level 5. HP: 28/28 MP: 4/15
  2498 | D:3      | Found a glowing golden altar of the Shining One.
  2501 | D:3      | Found a broken altar of Ashenzari.
  2510 | D:3      | Became a worshipper of Ashenzari the Shackled
  2510 | D:3      | Identified a scroll of acquirement
  2514 | D:3      | Acquired an Everburning Encyclopedia
  2521 | D:3      | Learned a level 4 spell: Fulminant Prism
  2526 | D:3      | Learned a level 4 spell: Iskenderun's Mystic Blast
  2886 | D:3      | Noticed Terence
  2891 | D:3      | Killed Terence
  3432 | D:4      | Reached skill level 1 in Hexes
  3432 | D:4      | Reached skill level 1 in Translocations
  3434 | D:4      | Noticed Robin
  3436 | D:4      | Reached XP level 6. HP: 32/32 MP: 5/17
  3437 | D:4      | Killed Robin
  3451 | D:3      | HP: 2/48 [goblin[Robin] (4)]
  3451 | D:3      | Killed from afar by an orc wizard

Illustrated notes

Levels and vault maps discovered:
D:1:      kennysheep_arrival_forest, layout_basic
D:2:      minmay_chambers_of_ones, layout_basic,
          chequers_ecumenical_altar_simple_redux, basic_altar,
          minmay_close_crescents
D:3:      layout_basic, grunt_temple_overflow_open, uniq_terence
D:4:      layout_loops_ring, uniq_robin

Skill      XL: |  1  2  3  4  5 |
---------------+----------------+-----
Spellcasting   | 4 5 6 |  6.0
Conjurations   | 5 6 |  6.2
Hexes          | 1 |  1.7
Translocations | 1 |  1.3
Dodging        | |  2.4
Stealth        | |  2.4

Action                   |  1- 3 |  4- 6 || total
-------------------------+-------+-------++-------
Melee: Unarmed           |       |     1 ||     1
 Cast: Magic Dart        |    66 |    48 ||   114
       Searing Ray       |       |     5 ||     5
  Use: Scroll            |       |     1 ||     1
       Potion            |       |     1 ||     1
Armor: Robe              |       |     3 ||     3
Dodge: Dodged            |     4 |     8 ||    12
Block: Other             |     3 |     1 ||     4
       Reflection        |     2 |       ||     2
